 Dungeon Crawl Stone Soup version 0.25.1-2-g60ff931df9 (webtiles) character file.

Game seed: 12463016621525997984

7305 barney the Grappler (level 10, -7/87 (88) HPs)
             Began as a Purple Draconian Transmuter on Oct 30, 2020.
             Was a High Priest of Cheibriados.
             Mangled by a meliai simulacrum (10 damage)
             ... on level 13 of the Dungeon.
             The game lasted 00:24:04 (17944 turns).

barney the Grappler (Purple Draconian Transmuter)  Turns: 17944, Time: 00:24:05

HP:   -7/87 (88)    AC:  8    Str: 24    XL:     10   Next: 90%
MP:   13/13         EV: 13    Int: 28    God:    Cheibriados [*****.]
Gold: 578           SH:  0    Dex: 22    Spells: 3/13 levels left

rFire    . . .     SeeInvis .   b - +1 falchion (holy)
rCold    . . .     Gourm    .   (no shield)
rNeg     . . .     Faith    +   (armour unavailable)
rPois    +         Spirit   .   m - +0 hat
rElec    .         Reflect  .   e - +0 cloak
rCorr    .         Harm     .   (no gloves)
MR       +....                  (no boots)
Stlth    ++........             q - amulet of faith
HPRegen  0.24/turn              h - ring of poison resistance
MPRegen  0.13/turn              (no ring)

@: slowed, very slow
A: breathe power, unfitting armour, cold-blooded, AC +7
a: Breathe Dispelling Energy, Bend Time, Temporal Distortion, Slouch, Step From
Time, Renounce Religion


You were on level 13 of the Dungeon.
You worshipped Cheibriados.
Cheibriados was extremely pleased with you.
You were not hungry.

You visited 2 branches of the dungeon, and saw 12 of its levels.

You collected 578 gold pieces.

Inventory:

Hand Weapons
 b - a +1 falchion of holy wrath (weapon)
 t - a +1 dagger of venom
Missiles
 a - 59 arrows
Armour
 e - a +0 cloak (worn)
 m - a +0 hat (worn)
Jewellery
 h - a ring of poison resistance (left hand)
 q - an amulet of faith (around neck)
Wands
 l - a wand of flame (17)
 n - a wand of enslavement (8)
 r - a wand of iceblast (9)
Scrolls
 c - 5 scrolls of remove curse
 d - a scroll of fear
 f - 9 scrolls of identify
 g - a scroll of enchant weapon
 i - a scroll of teleportation
Potions
 j - a potion of degeneration {unknown}
 o - a potion of flight {unknown}
 p - 2 potions of stabbing
 u - 2 potions of heal wounds
Comestibles
 k - 2 rations


   Skills:
 + Level 8.3 Fighting
 - Level 1.7 Dodging
 * Level 11.0 Unarmed Combat
 - Level 2.4 Spellcasting
 - Level 10.7 Transmutations
 + Level 1.5 Invocations


You had 3 spell levels left.
You knew the following spells:

 Your Spells              Type           Power        Failure   Level  Hunger
b - Spider Form           Tmut/Pois      ####......   3%          3    ###....
c - Blade Hands           Tmut           ######....   3%          5    ######.
d - Sticks to Snakes      Tmut           ######..     1%          2    ##.....

Your spell library contained the following spells:

 Spells                   Type           Power        Failure   Level  Hunger
 Beastly Appendage        Tmut           ######       1%          1    None
 Animate Skeleton         Necr           N/A          9%          1    None
 Apportation              Tloc           #.....       9%          1    None
 Corona                   Hex            #......      9%          1    None
 Foxfire                  Conj/Fire      #...         9%          1    None
 Summon Small Mammal      Summ           #...         9%          1    None
 Conjure Flame            Conj/Fire      #.......     26%         3    ###....
 Inner Flame              Hex/Fire       #.......     26%         3    ###....
 Ice Form                 Ice/Tmut       ####....     10%         4    ####...
 Sticky Flame             Conj/Fire      #.......     65%         4    ####...
 Fireball                 Conj/Fire      #.........   94%         5    ######.


Dungeon Overview and Level Annotations

Branches:
Dungeon (10/15)            Temple (1/1) D:5            Lair (0/6) D:9
    Orc (0/2) D:9

Altars:
Ashenzari
Cheibriados
Dithmenos
Elyvilon
Fedhas
Gozag
Hepliaklqana
Kikubaaqudgha
Makhleb
Nemelex Xobeh
Okawaru
Qazlal
Ru
Sif Muna
Trog
Uskayaw
Vehumet
Wu Jian
Xom
Yredelemnul
Zin
The Shining One

Shops:
D:9 [


Innate Abilities, Weirdness & Mutations

You can breathe bolts of dispelling energy.
Your rich purple scales are hard. (AC +7)
You cannot fit into any form of body armour.
You are cold-blooded and may be slowed by cold attacks.


Message History

The meliai simulacrum hits you. The meliai simulacrum freezes you!!
The meliai simulacrum closely misses you.
The meliai simulacrum hits you but does no damage.
The meliai simulacrum hits you. The meliai simulacrum freezes you!
You feel yourself slow down.
You hit the meliai simulacrum.
The meliai simulacrum convulses.
You punch the meliai simulacrum!
The meliai simulacrum is almost destroyed.
The meliai simulacrum hits you. The meliai simulacrum freezes you!!
The meliai simulacrum hits you but does no damage.
The meliai simulacrum hits you.
* * * LOW HITPOINT WARNING * * *
The meliai simulacrum freezes you!
* * * LOW HITPOINT WARNING * * *
The meliai simulacrum barely misses you.
The meliai simulacrum hits you.
* * * LOW HITPOINT WARNING * * *
The meliai simulacrum freezes you!
You feel as though you will be slow longer.
You die...

#.# #.# ##.# ...
..# #.# #Z# #@#
#.# #.# #.#
################.#
.................#
.#################
.# .#


You could see a meliai simulacrum.

Vanquished Creatures
  Gastronok (D:8)
  A komodo dragon (D:9)
  A troll (D:9)
  Grinder (D:6)
  A hippogriff (D:8)
  A wyvern (D:10)
  Eustachio (D:3)
  Grum (D:10)
  2 hungry ghosts
  2 vampire mosquitoes (D:8)
  A sky beast (D:8)
  2 orc warriors (D:8)
  4 ice beasts
  A necrophage (D:7)
  A phantom (D:8)
  5 ogres
  2 wolves (D:10)
  3 bullfrogs
  2 wyvern skeletons
  A scorpion (D:7)
  10 killer bees
  4 howler monkeys
  A bullfrog zombie (D:8)
  A centaur zombie (D:8)
  6 crimson imps
  A jelly (D:5)
  A hound (D:6)
  8 orc wizards
  A bullfrog skeleton (D:6)
  5 orc priests
  3 iguanas
  Natasha (twice) (D:2)
  8 worker ants
  A hound zombie (D:9)
  2 hound skeletons
  A worker ant zombie (D:9)
  A howler monkey skeleton (D:6)
  15 adders
  3 shadow imps
  2 oozes
  An adder zombie (D:9)
  An adder skeleton (D:8)
  4 worms
  A dart slug (D:3)
  5 leopard geckos
  31 orcs
  2 ball pythons (D:2)
  3 giant cockroaches
  7 goblins
  4 hobgoblins
  11 jackals
  5 quokkas
  3 bats
  A frilled lizard (D:3)
  8 kobolds
  A quokka skeleton (D:8)
  10 rats
  A plant (D:9)
209 creatures vanquished.

Vanquished Creatures (collateral kills)
  A troll (D:9)
  Blork the orc (D:6)
  5 killer bees
  An orc priest (D:8)
  A gnoll shaman (D:8)
  5 gnolls (D:8)
  A leopard gecko (D:8)
  An orc (D:8)
16 creatures vanquished.

Grand Total: 225 creatures vanquished

Notes
Turn   | Place    | Note
-------+----------+-------------------------------------------
     0 | D:1      | barney the Draconian Transmuter began the quest for the
                  | Orb.
     0 | D:1      | Reached XP level 1. HP: 16/16 MP: 3/3
   881 | D:1      | Reached XP level 2. HP: 23/23 MP: 3/5
  1764 | D:2      | Reached XP level 3. HP: 15/28 MP: 4/6
  1769 | D:2      | Learned a level 3 spell: Spider Form
  2577 | D:2      | Noticed Natasha
  2587 | D:2      | Killed Natasha
  2587 | D:2      | Reached XP level 4. HP: 16/35 MP: 4/7
  3374 | D:2      | Noticed Natasha
  3379 | D:2      | Killed Natasha
  3379 | D:2      | Reached skill level 5 in Transmutations
  3808 | D:3      | Reached XP level 5. HP: 30/40 MP: 2/8
  5317 | D:3      | Found an iron altar of Okawaru.
  5750 | D:4      | Noticed Eustachio
  5766 | D:3      | Reached XP level 6. HP: 34/47 MP: 7/9
  5803 | D:3      | Killed Eustachio
  6446 | D:4      | Learned a level 5 spell: Blade Hands
  6635 | D:3      | Your scales start taking on a rich purple colour.
  6635 | D:3      | Reached XP level 7. HP: 19/52 MP: 7/10
  7762 | D:5      | Entered Level 5 of the Dungeon
  7794 | D:5      | Found a staircase to the Ecumenical Temple.
  7931 | Temple   | Entered the Ecumenical Temple
  8162 | Temple   | Became a worshipper of Cheibriados the Contemplative
  9548 | D:6      | Noticed Grinder
  9564 | D:6      | Killed Grinder
  9564 | D:6      | Reached XP level 8. HP: 54/59 MP: 6/11
  9625 | D:6      | Reached skill level 10 in Transmutations
 10099 | D:6      | Noticed Blork the orc
 10356 | D:6      | Learned a level 2 spell: Sticks to Snakes
 10408 | D:6      | Killed Blork the orc
 11255 | D:6      | Reached * piety under Cheibriados
 11617 | D:7      | Reached skill level 4 in Unarmed Combat
 12147 | D:7      | Reached skill level 5 in Unarmed Combat
 12330 | D:7      | Noticed a moth of wrath
 12334 | D:7      | Found a bloodstained altar of Trog.
 12353 | D:7      | Reached XP level 9. HP: 69/69 MP: 6/12
 12837 | D:7      | Reached ** piety under Cheibriados
 13052 | D:7      | Reached skill level 6 in Unarmed Combat
 13467 | D:8      | Reached skill level 5 in Fighting
 13467 | D:8      | Reached skill level 7 in Unarmed Combat
 13861 | D:8      | Noticed Gastronok
 13876 | D:8      | Killed Gastronok
 13876 | D:8      | Reached skill level 9 in Unarmed Combat
 13876 | D:8      | Reached XP level 10. HP: 17/83 MP: 4/13
 14566 | D:8      | Reached *** piety under Cheibriados
 15402 | D:8      | Reached skill level 10 in Unarmed Combat
 15963 | D:9      | Found a staircase to the Lair.
 16091 | D:9      | Reached **** piety under Cheibriados
 16093 | D:9      | Found a staircase to the Orcish Mines.
 16105 | D:9      | Found Oxint's Armour Boutique.
 17314 | D:10     | Entered Level 10 of the Dungeon
 17620 | D:10     | Reached skill level 1 in Invocations
 17703 | D:10     | Noticed Grum
 17705 | D:10     | Reached ***** piety under Cheibriados
 17714 | D:10     | Killed Grum
 17714 | D:10     | Reached skill level 11 in Unarmed Combat
 17898 | D:10     | You fall into a shaft and drop 3 floors!
 17944 | D:13     | HP: 3/87 [meliai simulacrum (5)]
 17944 | D:13     | Mangled by a meliai simulacrum

Illustrated notes

Levels and vault maps discovered:
D:1:      dpeg_arrival_round_c, layout_basic
D:2:      layout_loops_corners, uniq_natasha
D:3:      minmay_skewed_foursquare, layout_basic, lemuel_tele_altar
D:4:      layout_rooms, first_ration, minmay_misc_feat_room,
          minmay_fountain_box, abandoned_shop, uniq_eustachio
D:5:      layout_basic, minmay_temple_entry_statues_fountains,
          gup_sewer_entry_glass
D:6:      layout_loops_ring, uniq_grinder, uniq_blork_the_orc
D:7:      layout_loops_cross, tgw_trog
D:8:      layout_basic, uniq_gastronok
D:9:      layout_cave_pods, david_lair_shrubbed, orc_david_3
D:10:     layout_irregular_city, uniq_grum
D:13:     layout_loops_ring, skrybe_vaults_entry_preservation,
          gammafunk_ghost_hydra_chop
Temple:   nicolae_temple_the_god_donut

Skill      XL: |  1  2  3  4  5  6  7  8  9 10 |
---------------+-------------------------------+-----
Transmutations | 3 4 5 6 7 9 10 | 10.7
Fighting       | 3 6 8 |  8.3
Unarmed Combat | 5 9 11 | 11.0
Invocations    | 1 |  1.5
Dodging        | |  1.7
Spellcasting   | |  2.4

Action                   |  1- 3 |  4- 6 |  7- 9 | 10-12 || total
-------------------------+-------+-------+-------+-------++-------
Melee: Unarmed           |    97 |   172 |   203 |   103 ||   575
       Tailslap          |     7 |     1 |    17 |    15 ||    40
       Headbutt          |     5 |     3 |       |       ||     8
       Kick              |     3 |       |       |       ||     3
       Punch             |     2 |       |     1 |     4 ||     7
       Falchion          |       |       |    40 |    11 ||    51
 Cast: Beastly Appendage |    17 |     1 |     1 |       ||    19
       Spider Form       |     5 |    31 |    11 |       ||    47
       Blade Hands       |       |       |    33 |    27 ||    60
       Sticks to Snakes  |       |       |    18 |    12 ||    30
 Abil: Breathe Dispellin |       |       |    10 |     3 ||    13
  Use: Potion            |     2 |     4 |     9 |       ||    15
       Scroll            |       |     5 |     9 |     3 ||    17
 Stab: Sleeping          |       |     2 |       |       ||     2
  Eat: Chunk             |     3 |     6 |    13 |    10 ||    32
       Ration            |     1 |     3 |     7 |     3 ||    14
Armor: Skin              |    25 |    15 |    55 |    36 ||   131
Dodge: Dodged            |    77 |   137 |   188 |    89 ||   491
       Rpst.: Falchion   |       |       |    19 |     5 ||    24
